Map: Coda LE

Players

DustVorteX

  • Race: Terran Terran
  • League: Platinum
  • Spawn Location: 5:00

A.I. 1 (Very Easy)

  • Race: Zerg Zerg
  • Spawn Location: 11:00

VOD

Have the link to the VOD?

Description

Only for up the BO. ruffles

Time

  • Played on: Sept. 7, 2016, 6:27 p.m.
  • Length: 10:28
Show
View Real Time Build Order
Export as new Build Order

DustVorteX Terran 

Build Orders: Cyclone Opening, Mech 

Get SALT Encoding   

  1  0:00  Orbital Command  
  12  0:02  SCV x12  
  12  0:15  SCV  
  13  0:27  SCV  
  14  0:34  Supply Depot  
  14  0:39  SCV  
  15  0:45  Refinery  
  15  0:55  SCV  
  16  1:01  Barracks  
  16  1:07  SCV  
  17  1:13  Refinery  
  17  1:19  SCV  
  18  1:31  SCV  
  19  1:50  Marine, Factory  
  19  1:53  Orbital Command  
  20  2:07  Supply Depot  
  20  2:13  Barracks Tech Lab  
  20  2:18  SCV  
  21  2:31  SCV  
  21  2:35  Starport  
  22  2:43  SCV  
  23  2:47  Barracks Tech Lab  
  23  2:53  Cyclone  
  23  2:56  SCV  
  23  2:58  Supply Depot  
  28  3:08  SCV  
  29  3:18  Cloaking Field  
  29  3:20  SCV  
  29  3:21  Banshee  
  29  3:23  Barracks Reactor  
  33  3:32  SCV  
  34  3:44  SCV  
  35  3:49  Command Center  
  35  3:56  SCV  
  35  4:00  Marine x2  
  38  4:11  SCV  
  39  4:18  Supply Depot  
  39  4:39  Marine x2  
  39  4:40  SCV  
  39  4:44  Bunker, Banshee  
  45  4:52  SCV  
  46  4:55  Supply Depot  
  46  4:59  Engineering Bay  
  46  5:01  Cyclone  
  50  5:09  SCV  
  50  5:11  Marine x2  
  53  5:18  Orbital Command  
  53  5:25  SCV  
  54  5:28  Raven  
  54  5:29  Marine x2  
  54  5:33  Siege Tank  
  61  5:46  SCV  
  62  5:54  Missile Turret  
  62  5:57  Missile Turret  
  62  5:58  SCV  
  62  6:03  SCV  
  64  6:06  Refinery  
  64  6:07  Refinery  
  64  6:10  SCV  
  65  6:12  Marine x2  
  67  6:19  Banshee  
  67  6:23  Supply Depot  
  67  6:24  Supply Depot  
  70  6:26  Supply Depot  
  70  6:45  Cyclone, Marine x2, SCV x2  
  78  6:57  SCV x2  
  80  7:01  Banshee  
  80  7:02  Marine x2  
  85  7:09  SCV  
  85  7:13  SCV  
  87  7:16  Supply Depot  
  87  7:17  Supply Depot  
  87  7:20  Siege Tank  
  87  7:21  SCV  
  91  7:26  Marine x2  
  91  7:27  Command Center, SCV  
  94  7:38  Factory, SCV  
  95  7:45  SCV  
  95  7:46  Marine x2  
  95  7:49  Factory  
  95  7:50  SCV  
  99  8:10  Armory  
  99  8:13  SCV x2  
  99  8:14  Marine x2  
  103  8:21  Factory Reactor  
  103  8:48  Starport  
  103  8:49  Starport  
  103  8:58  Fusion Core  
  103  9:10  Barracks Tech Lab  
  103  9:20  Widow Mine x3  
  103  9:21  Widow Mine x2  
  103  9:24  SCV x2  
  115  9:26  Planetary Fortress  
  115  9:35  Marine  
  115  9:36  SCV x2  
  115  9:37  Starport Tech Lab  
  115  9:38  Starport Tech Lab  
  118  9:43  Missile Turret  
  118  9:44  Missile Turret  
  118  9:59  Marine  
  119  10:18  Command Center  
  120  10:27  Supply Depot  
Show
View Real Time Build Order
Export as new Build Order

A.I. 1 (Very Easy) Zerg 

Build Orders: Hatch First 

Get SALT Encoding   

  1  0:00  Overlord  
  12  0:02  Drone x12  
    0:14  Unknown  
  12  0:15  Drone  
  13  0:22  Drone  
  14  0:32  Overlord  
  14  0:51  Drone x3  
  17  1:02  Drone  
  18  1:14  Hatchery  
  17  1:28  Spawning Pool  
  17  1:29  Extractor  
  15  1:33  Overlord  
  15  2:16  Zergling x2, Queen  
  15  2:19  Roach Warren  
  17  2:27  Drone  
  18  2:30  Zergling x2  
  18  2:34  Drone  
  20  2:41  Drone  
  21  2:44  Zergling x2  
  21  2:48  Drone  
  23  2:56  Drone  
  24  3:03  Drone  
  24  5:06  Drone  
  25  5:08  Extractor  
  25  5:11  Hatchery  
  25  5:13  Drone  
  24  5:15  Hatchery  
  24  5:21  Drone  
  24  5:28  Drone  
  25  5:35  Drone  
  26  5:37  Hatchery  
  26  5:40  Zergling x2  
  26  5:42  Drone  
  25  5:49  Drone  
  26  5:51  Overlord  
  26  5:56  Drone  
  27  6:03  Drone  
  28  6:08  Zergling x2  
  28  6:11  Drone  
  30  6:50  Drone  
  31  6:57  Extractor, Drone  
  31  7:00  Extractor  
  30  7:04  Drone  
  31  7:11  Drone  
  32  7:18  Drone  
  33  7:26  Drone  
  34  7:33  Drone  
  35  7:40  Drone  
  36  7:47  Drone  
  37  7:54  Drone  
  38  8:01  Drone  
  39  8:09  Drone  
  40  8:16  Drone  
  41  8:23  Drone  
  42  8:30  Drone  
  43  8:37  Drone  
  44  9:45  Roach, Pneumatized Carapace, Overlord  
  46  9:46  Evolution Chamber  
  46  9:47  Drone  
  46  10:02  Roach  
Tags
 
Composition
Mech
League
Platinum
Matchup
TvZ
Spawn Locations
Cross Positions
Add a new tag
Caveats
  • Supply blocks, unpowered buildings, or Contaminate may cause inaccurate times.
  • Supply counts are checked every 10 seconds.